 Dungeon Crawl Stone Soup version 0.25-a0-513-ge77a69270c (webtiles) character file.

Game seed: 217994575163131685, levelgen mode: deterministic

10770 mopl the Geomancer (level 11, 0/74 HPs)
             Began as a White Draconian Earth Elementalist on Feb 13, 2020.
             Was an Elder of Dithmenos.
             Slain by an ogre
             ... wielding a +0 giant club
              (20 damage)
             ... on level 11 of the Dungeon on Feb 16, 2020.
             The game lasted 00:34:22 (12645 turns).

mopl the Geomancer (DrEE)                          Turns: 12645, Time: 00:34:23

Health: 0/74       AC: 10    Str: 10    XL:     11   Next: 40%
Magic:  3/20       EV: 12    Int: 19    God:    Dithmenos [****..]
Gold:   255        SH:  0    Dex: 12    Spells: 7/22 levels left

rFire    . . .     SeeInvis .   a - +0 dagger (drain)
rCold    + . .     Gourm    .   (no shield)
rNeg     + . .     Faith    .   (armour unavailable)
rPois    .         Spirit   .   (helmet restricted)
rElec    .         Reflect  .   I - +0 cloak
rCorr    .         Harm     .   o - +0 pair of gloves
MR       .....                  q - +0 pair of boots
Stlth    +++++.....             k - amulet of rage
HPRegen  0.22/turn              v - ring of positive energy
MPRegen  0.17/turn              (no ring)

@: wreathed by umbra
A: breathe frost, unfitting armour, cold resistance 1, cold-blooded, AC +7
a: Breathe Frost, Shadow Step, Renounce Religion, Evoke Berserk Rage


You were on level 11 of the Dungeon.
You worshipped Dithmenos.
Dithmenos was greatly pleased with you.
You were not hungry.

You visited 2 branches of the dungeon, and saw 12 of its levels.
You also visited: Sewer.

You collected 825 gold pieces.
You spent 570 gold pieces at shops.

Inventory:

Hand Weapons
 a - a +0 dagger of draining (weapon)
 G - a +1 rapier
 R - a +4 falchion
Missiles
 b - 330 stones
 i - 35 poisoned darts (quivered)
 K - 7 boomerangs
Armour
 o - a +0 pair of gloves (worn)
 q - a +0 pair of boots (worn)
 I - a +0 cloak (worn)
 O - a +0 buckler
Magical Staves
 s - an uncursed staff of poison
 L - an uncursed staff of summoning {!a}
 P - an uncursed staff of air
Jewellery
 j - a +4 amulet of reflection
 k - an amulet of rage (around neck)
 v - a ring of positive energy (left hand)
Wands
 t - a wand of digging (4)
 y - a wand of random effects (22)
 Q - a wand of paralysis (7)
Scrolls
 d - 4 scrolls of blinking
 h - 2 scrolls of enchant weapon
 p - 9 scrolls of remove curse
 r - 3 scrolls of fog {unknown}
 u - a scroll of amnesia {unknown}
 w - 2 scrolls of magic mapping {unknown}
 A - a scroll of noise {unknown}
 B - 4 scrolls of teleportation
 D - a scroll of enchant armour {unknown}
 E - a scroll of random uselessness {unknown}
 F - 2 scrolls of vulnerability {unknown}
 H - 2 scrolls of immolation {unknown}
 N - a scroll of torment {unknown}
 T - a scroll of identify
Potions
 e - 3 potions of invisibility
 f - 4 potions of ambrosia {unknown}
 g - 4 potions of flight
 l - a potion of magic
 m - 5 potions of agility
 n - 4 potions of might
 x - 3 potions of heal wounds
 z - 5 potions of lignification {!q}
 C - 3 potions of mutation {!q}
 J - 2 potions of berserk rage {!q}
 M - a potion of haste
 S - a potion of curing
Comestibles
 c - 20 rations
 U - a chunk of flesh


   Skills:
 + Level 4.5 Short Blades
 - Level 1.7 Dodging
 * Level 7.8 Stealth
 + Level 2.2 Shields
 + Level 6.4 Spellcasting
 - Level 3.0 Conjurations
 + Level 7.8 Transmutations
 * Level 10.0 Earth Magic
 + Level 6.6 Invocations


You had 7 spell levels left.
You knew the following spells:

 Your Spells              Type           Power        Failure   Level  Hunger
a - Sandblast             Erth           #####.       1%          1    None
b - Stone Arrow           Conj/Erth      ####..       2%          3    ##.....
c - Petrify               Tmut/Erth      #####...     2%          4    ####...
k - Lee's Rapid Deconstr  Erth           #####.....   4%          5    #####..
p - Passwall              Tmut/Erth      #####...     1%          2    None

Your spell library contained the following spells:

 Spells                   Type           Power        Failure   Level  Hunger
 Sting                    Tmut/Pois      ###.         2%          1    None
 Animate Skeleton         Necr           N/A          11%         1    None
 Pain                     Necr           #...         11%         1    None
 Ignite Poison            Fire/Tmut/Pois ###.....     11%         3    ##.....
 Poisonous Vapours        Pois/Air       #.....       16%         2    None
 Dazzling Flash           Conj/Hex       ##....       17%         3    ##.....
 Mephitic Cloud           Conj/Pois/Air  #.......     22%         3    ##.....
 Vampiric Draining        Necr           #.........   32%         3    ##.....
 Sticky Flame             Conj/Fire      ##......     50%         4    ####...
 Animate Dead             Necr           N/A          71%         4    ####...
 Olgreb's Toxic Radiance  Pois           #.......     71%         4    ####...
 Agony                    Necr           #.......     96%         5    #####..
 Eringya's Noxious Bog    Tmut/Pois      ###.......   97%         6    #######


Dungeon Overview and Level Annotations

Branches:
Dungeon (11/15)            Temple (1/1) D:4            Lair (0/6) D:10
    Orc (0/2) D:11          Sewer (visited)

Altars:
Ashenzari
Cheibriados
Dithmenos
Elyvilon
Fedhas
Gozag
Hepliaklqana
Kikubaaqudgha
Makhleb
Nemelex Xobeh
Okawaru
Qazlal
Ru
Sif Muna
Trog
Uskayaw
Vehumet
Wu Jian
Xom
Yredelemnul
Zin
The Shining One

Shops:
D:5 !

Annotations:
D:8 3 runed translucent doors, Harold; bmj180's ghost, novice DrCj
D:9 Joseph


Innate Abilities, Weirdness & Mutations

You can breathe waves of freezing cold.
You can buffet flying creatures when you breathe cold.
Your icy white scales are hard. (AC +7)
You cannot fit into any form of body armour.
Your flesh is cold resistant. (rC+)
You are cold-blooded and may be slowed by cold attacks.


Message History

Unknown command.
You closely miss the orc. The orc hits you but does no damage.
You barely miss the orc. You tail-slap the orc.
The orc is moderately wounded.
Your shadow barely misses the orc.
Something hits you. Something bites you but does no damage.
You hit the orc. You tail-slap the orc.
You kill the orc!
Dithmenos accepts your kill. Something hits you. Something bites you!
* * * LOW HITPOINT WARNING * * *
Something draws strength from your injuries!
An ogre comes into view. It is wielding a +0 giant club.
Items here: ))) [[ † The ogre shouts!
You hit the ogre.
The ogre is lightly wounded.
You hear a bellow! x2
The ogre hits you with a +0 giant club!!
You die...

#..#.#####.####..##.
# #.# #.# ..# #.# #.#
.# #.# #.# .# #.#
#.####..# #. #.#
#.#......
#...#)#####>.......
#................#
#.......#..@O....#
..................##
.#........#.......#
#...................
......###.####....###
###.#. ...# ###.#
#.#.#.### #.# .. ..


You could see an ogre.

Vanquished Creatures
  A hydra (D:11)
  A two-headed ogre (D:9)
  A manticore (D:10)
  A hornet (D:10)
  4 trolls
  11 yaks
  A human (D:10)
  3 hogs (D:10)
  2 hungry ghosts (D:11)
  2 water moccasins
  2 ice beasts
  2 necrophages
  7 ogres
  5 orc warriors
  2 phantoms
  7 centaurs
  4 big kobolds (D:4)
  9 bullfrogs
  A wyvern skeleton (D:9)
  5 scorpions
  6 wights
  5 killer bees
  5 crimson imps
  A bullfrog zombie (D:6)
  2 hounds
  7 orc priests
  3 bullfrog skeletons
  10 orc wizards
  A centaur skeleton (D:10)
  An iguana (D:6)
  8 worker ants
  4 ogre zombies (D:11)
  13 gnolls
  9 adders
  A shadow imp (D:5)
  3 oozes
  2 adder skeletons
  An adder zombie (D:6)
  10 worms
  6 leopard geckos
  43 orcs
  A ball python (Sewer)
  4 giant cockroaches
  4 goblins
  10 hobgoblins
  4 jackals (Sewer)
  42 kobolds
  4 quokkas
  8 bats
  4 frilled lizards
  A goblin skeleton (D:11)
  A jackal skeleton (D:6)
  10 orc zombies (D:11)
  10 rats
315 creatures vanquished.

Notes
Turn   | Place    | Note
-------+----------+-------------------------------------------
     0 | D:1      | mopl the Draconian Earth Elementalist began the quest for
                  | the Orb.
     0 | D:1      | Reached XP level 1. HP: 14/14 MP: 3/3
   140 | D:1      | Reached XP level 2. HP: 15/20 MP: 0/5
   147 | D:1      | Learned a level 2 spell: Passwall
   644 | D:2      | Reached XP level 3. HP: 26/26 MP: 0/7
   653 | D:2      | Learned a level 3 spell: Stone Arrow
   997 | D:2      | Reached skill level 3 in Spellcasting
   997 | D:2      | Reached XP level 4. HP: 28/33 MP: 8/8
  1005 | D:2      | Reached skill level 1 in Conjurations
  1310 | D:3      | Reached skill level 4 in Earth Magic
  1476 | D:3      | Found a faded altar of an unknown god.
  1839 | D:3      | Reached skill level 2 in Transmutations
  1839 | D:3      | Reached XP level 5. HP: 34/38 MP: 4/9
  1915 | D:3      | Reached skill level 2 in Conjurations
  2366 | D:4      | Reached XP level 6. HP: 41/45 MP: 3/11
  2376 | D:4      | Learned a level 4 spell: Petrify
  2479 | D:4      | Found a white marble altar of Elyvilon.
  2533 | D:4      | Became a worshipper of Elyvilon the Healer
  2574 | D:4      | Reached skill level 4 in Spellcasting
  2574 | D:4      | Reached skill level 3 in Transmutations
  2600 | D:3      | Upgraded the game from 0.25-a0-503-ge281fa673e to
                  | 0.25-a0-513-ge77a69270c
  2972 | D:4      | Found a hide-covered altar of Uskayaw.
  2972 | D:4      | Found a sacrificial altar of Ru.
  2995 | D:4      | Found a radiant altar of Vehumet.
  3000 | D:4      | Found a bloodstained altar of Trog.
  3001 | D:4      | Found a faded altar of an unknown god.
  3459 | D:4      | Reached skill level 3 in Conjurations
  3459 | D:4      | Reached skill level 5 in Earth Magic
  3459 | D:4      | Your scales start taking on an icy white colour.
  3459 | D:4      | Reached XP level 7. HP: 50/50 MP: 8/13
  3459 | D:4      | Gained mutation: Your flesh is cold resistant. (rC+) [White
                  | Draconian growth]
  3645 | D:4      | Reached * piety under Elyvilon
  3660 | D:4      | Reached skill level 4 in Transmutations
  4056 | D:4      | Reached skill level 5 in Spellcasting
  4056 | D:4      | Reached XP level 8. HP: 47/57 MP: 13/15
  4324 | D:4      | Found a burning altar of Makhleb.
  4435 | D:4      | Reached skill level 6 in Earth Magic
  4510 | D:4      | Found a staircase to the Ecumenical Temple.
  4524 | Temple   | Entered the Ecumenical Temple
  4575 | Temple   | Fell from the grace of Elyvilon
  4575 | Temple   | Became a worshipper of Dithmenos the Shadowed
  4711 | D:5      | Entered Level 5 of the Dungeon
  4722 | D:5      | Found Deet's Distillery.
  4736 | D:5      | Bought a potion of curing for 45 gold pieces
  4736 | D:5      | Bought a potion of heal wounds for 75 gold pieces
  4736 | D:5      | Bought a potion of agility for 60 gold pieces
  4736 | D:5      | Bought 2 potions of lignification for 90 gold pieces
  4852 | D:5      | Reached skill level 1 in Invocations
  4866 | D:5      | Reached skill level 5 in Transmutations
  5123 | D:5      | Reached skill level 2 in Invocations
  5173 | D:6      | Found a glowing drain.
  5193 | Sewer    | Entered a sewer
  5410 | Sewer    | Reached * piety under Dithmenos
  5961 | D:5      | Bought 2 potions of degeneration for 30 gold pieces
  5961 | D:5      | Bought a potion of invisibility for 120 gold pieces
  5991 | D:6      | Reached skill level 2 in Stealth
  6162 | D:6      | Reached skill level 3 in Invocations
  6376 | D:6      | Reached skill level 6 in Spellcasting
  6376 | D:6      | Reached XP level 9. HP: 54/62 MP: 10/18
  6383 | D:6      | Learned a level 5 spell: Lee's Rapid Deconstruction
  6620 | D:6      | Reached skill level 3 in Stealth
  6620 | D:6      | Reached skill level 7 in Earth Magic
  6997 | D:6      | Reached skill level 6 in Transmutations
  7498 | D:7      | Found an ornate altar of the Wu Jian Council.
  7498 | D:7      | Found an iron altar of Okawaru.
  7498 | D:7      | Found a snail-covered altar of Cheibriados.
  7544 | D:7      | Found a shimmering altar of Xom.
  7545 | D:7      | Found a hazy altar of Hepliaklqana.
  7546 | D:7      | Noticed a spectral ugly thing
  7643 | D:5      | Bought 2 potions of berserk rage for 150 gold pieces
  7789 | D:8      | Reached skill level 4 in Stealth
  7789 | D:8      | Reached skill level 4 in Invocations
  7793 | D:8      | Identified Sif Muna's Grimoire of Confrontation and Poison
  7817 | D:8      | Reached ** piety under Dithmenos
  8105 | D:8      | Reached skill level 1 in Short Blades
  8728 | D:8      | Was forgiven by Elyvilon
  8847 | D:8      | Noticed Harold
  8902 | D:8      | Found a runed translucent gate.
  8903 | D:8      | Found a runed translucent gate.
  8903 | D:8      | Found a runed translucent gate.
  8905 | D:8      | Noticed bmj180's ghost (novice DrCj)
  8970 | D:9      | Noticed a troll
  9104 | D:9      | Reached skill level 8 in Earth Magic
  9108 | D:9      | Reached skill level 5 in Stealth
  9182 | D:9      | Reached skill level 2 in Short Blades
  9475 | D:9      | Reached XP level 10. HP: 67/69 MP: 14/19
  9507 | D:8      | Reached skill level 5 in Invocations
  9675 | D:9      | Noticed a two-headed ogre
  9776 | D:9      | Killed a two-headed ogre
  9776 | D:9      | Reached skill level 3 in Short Blades
  9776 | D:9      | Reached skill level 6 in Stealth
  9776 | D:9      | Reached skill level 7 in Transmutations
 10179 | D:9      | Noticed Joseph
 10386 | D:9      | Reached skill level 9 in Earth Magic
 10550 | D:10     | Entered Level 10 of the Dungeon
 11399 | D:10     | Paralysed by an orc priest for 3 turns
 11432 | D:10     | Reached skill level 6 in Invocations
 11439 | D:10     | Reached skill level 7 in Stealth
 11548 | D:10     | Reached *** piety under Dithmenos
 11593 | D:10     | Reached skill level 1 in Shields
 11602 | D:10     | Reached skill level 4 in Short Blades
 11714 | D:9      | Reached XP level 11. HP: 28/74 MP: 1/20
 11835 | D:10     | Found a staircase to the Lair.
 12393 | D:11     | Noticed a seven-headed hydra
 12404 | D:11     | Killed a seven-headed hydra
 12404 | D:11     | Reached skill level 2 in Shields
 12501 | D:11     | Reached skill level 10 in Earth Magic
 12517 | D:11     | Found a staircase to the Orcish Mines.
 12549 | D:11     | Reached **** piety under Dithmenos
 12645 | D:11     | Slain by an ogre

Levels and vault maps discovered:
D:1:      psy_arrival_statuary, layout_loops_ring, minmay_strange_pillars
D:2:      layout_basic
D:3:      layout_loops_ring, chequers_ecumenical_altar_simple_redux
D:4:      minmay_goblin_kobold_castle, layout_basic, bloody_makhleb,
          chequers_temple_overflow_minitemple, temple_hall, elyvilon_altar_4
D:5:      layout_cave_pools, serial_shops, shop, first_ration
D:6:      layout_loops_ring, cheibrodos_sewer_entry_drain
D:7:      layout_loops_ring, regret_index_temple_of_mockery,
          gammafunk_temple_overflow_forgotten
D:8:      layout_basic, gammafunk_ghost_necromancy, uniq_harold
D:9:      layout_basic, uniq_joseph
D:10:     layout_basic, lair_entry_dummy, grunt_livestock
D:11:     layout_loops_ring, zombieorc2_lemuel, basic_altar
Temple:   nicolae_temple_x_marks_the_god

Skill      XL: |  1  2  3  4  5  6  7  8  9 10 11 |
---------------+----------------------------------+-----
Spellcasting   | 3 4 5 6 |  6.4
Conjurations   | 1 2 3 |  3.0
Earth Magic    | 4 5 6 8 9 10 | 10.0
Transmutations | 2 3 4 5 6 7 |  7.8
Invocations    | 3 4 6 |  6.6
Stealth        | 2 5 7 |  7.8
Short Blades   | 2 4 |  4.5
Shields        | 1 2 |  2.2
Dodging        | |  1.7

Action                   |  1- 3 |  4- 6 |  7- 9 | 10-12 || total
-------------------------+-------+-------+-------+-------++-------
Melee: Unarmed           |     7 |       |       |       ||     7
       Tailslap          |     4 |    10 |    37 |    35 ||    86
       Short sword       |    48 |    92 |   332 |       ||   472
       Rapier            |       |       |    11 |       ||    11
       Dagger            |       |       |    28 |   290 ||   318
Throw: Dart              |       |    20 |    13 |     1 ||    34
 Cast: Sandblast         |    37 |    62 |   169 |    40 ||   308
       Petrify           |       |     3 |    12 |    26 ||    41
       Stone Arrow       |       |       |    12 |    12 ||    24
       Lee's Rapid Decon |       |       |     5 |    19 ||    24
       Passwall          |       |       |       |     1 ||     1
 Abil: Breathe Frost     |       |       |    11 |     1 ||    12
Evoke: Wand              |       |       |    13 |       ||    13
  Use: Scroll            |       |       |     3 |     6 ||     9
       Potion            |       |       |     2 |       ||     2
 Stab: Sleeping          |       |     4 |     9 |     4 ||    17
       Petrified         |       |     7 |    24 |    40 ||    71
       Distracted        |       |     1 |       |     2 ||     3
  Eat: Chunk             |     1 |     5 |    23 |    18 ||    47
       Ration            |       |     1 |     1 |     1 ||     3
Armor: Skin              |    21 |    37 |   181 |    84 ||   323
Dodge: Dodged            |    55 |    70 |   406 |   181 ||   712

Table legend:
 A = Non-vault XP
 B = Vault XP
 C = Vault XP percentage of total XP
 D = Non-vault monster count
 E = Vault monster count
 F = Vault count percentage of total count
                 A         B        C        D         E       F
            +---------+---------+-------+---------+---------+-------
      Total |   13301 |    2085 |  13.6 |     225 |      90 |  28.6
            +---------+---------+-------+---------+---------+-------
        D:1 |      20 |       0 |   0.0 |      12 |       0 |   0.0
        D:2 |     111 |       0 |   0.0 |      26 |       0 |   0.0
        D:3 |     191 |       0 |   0.0 |      25 |       0 |   0.0
        D:4 |     743 |     463 |  38.4 |      19 |      44 |  69.8
        D:5 |     483 |       0 |   0.0 |      16 |       0 |   0.0
        D:6 |    1456 |      10 |   0.7 |      24 |       2 |   7.7
        D:7 |     262 |       0 |   0.0 |       4 |       0 |   0.0
        D:8 |    1080 |       0 |   0.0 |      13 |       0 |   0.0
        D:9 |    3512 |       0 |   0.0 |      33 |       0 |   0.0
       D:10 |    3868 |    1023 |  20.9 |      43 |       5 |  10.4
       D:11 |    1575 |     519 |  24.8 |      10 |      18 |  64.3
      Sewer |       0 |      70 | 100.0 |       0 |      21 | 100.0
            +---------+---------+-------+---------+---------+-------
